 Dungeon Crawl Stone Soup version 0.29-a0-266-gf56f883ddd (webtiles) character file.

Game seed: 12545890884820902854

56 Inarius the Skirmisher (level 3, -2/29 HPs)
             Began as a Demonspawn Fighter on Mar 6, 2022.
             Was a Plaything of Xom.
             Slain by a gnoll
             ... wielding a +0 club
              (3 damage)
             ... on level 2 of the Dungeon.
             The game lasted 00:01:15 (1125 turns).

Inarius the Skirmisher (Demonspawn Fighter)         Turns: 1125, Time: 00:01:16

Health: -2/29      AC:  6    Str: 18    XL:     3   Next: 69%
Magic:  3/3        EV:  7    Int:  9    God:    Xom [..*...]
Gold:   55         SH: 12    Dex: 12    Spells: 2/2 levels left

rFire   . . .      SeeInvis .   a - +0 war axe
rCold   . . .      Faith    .   e - +0 kite shield
rNeg    . . .      Spirit   .   b - +0 scale mail
rPois   .          Reflect  .   (no helmet)
rElec   .          Harm     .   (no cloak)
rCorr   .          Rampage  .   (no gloves)
Will    .....                   (no boots)
Stlth   ..........              (no amulet)
HPRegen 0.09/turn               (no ring)
MPRegen 0.08/turn               (no ring)

@: no status effects
A: demonic guardian 1, condensation shield
a: Renounce Religion


You were on level 2 of the Dungeon.
You worshipped Xom.
You were a toy of Xom.
You visited 1 branch of the dungeon, and saw 2 of its levels.

You collected 55 gold pieces.

Inventory:

Hand Weapons
 a - a +0 war axe (weapon)
Armour
 b - a +0 scale mail (worn)
 e - a +0 kite shield (worn)
Scrolls
 f - 2 scrolls of identify {unknown}
 g - a scroll of fear {unknown}
Potions
 c - a potion of magic {unknown}
 d - a potion of might
 h - a potion of degeneration {unknown}


   Skills:
 + Level 3.2 Fighting
 * Level 3.0 Axes
 + Level 3.0 Armour
 + Level 3.0 Shields


You had 2 spell levels left.
You didn't know any spells.
Your spell library contained the following spells:

 Spells                   Type           Power      Damage    Failure   Level
 Call Canine Familiar     Summ           0%         N/A       100%        3
 Portal Projectile        Hex/Tloc       0%         N/A       100%        3
 Leda's Liquefaction      Hex/Erth       0%         N/A       100%        4


Dungeon Overview and Level Annotations

Branches:
Dungeon (2/15)

Altars:
Xom

Shops:
D:1 (


Innate Abilities, Weirdness & Mutations

A weak demonic guardian rushes to your aid.
A meltable shield of frost defends you. (SH +4)


Message History

A rat is nearby!
A rat is nearby! 2 gnolls come into view.
The gnoll shouts!
You see here 17 gold pieces.
You hit the rat.
You kill the rat!
A gnoll comes into view. It is wielding a +0 spear.
A ball python comes into view.
The gnoll barely misses you.
The ball python moves out of view.
You hit the gnoll.
The gnoll is heavily wounded.
The gnoll hits you with a +0 club. You block the gnoll's attack. x2
You barely miss the gnoll.
The gnoll is heavily wounded.
You block the gnoll's attack. x2
The gnoll hits you from afar with a +0 halberd!
The gnoll hits you but does no damage. The gnoll closely misses you.
The gnoll hits you but does no damage.
You barely miss the gnoll.
The gnoll is heavily wounded.
The gnoll barely misses you. x2; You block the gnoll's attack.
You barely miss the gnoll.
The gnoll is heavily wounded.
The gnoll hits you with a +0 club.
The gnoll hits you from afar with a +0 halberd.
* * * LOW HITPOINT WARNING * * *
The gnoll hits you from afar with a +0 spear.
* * * LOW HITPOINT WARNING * * *
A demonic guardian appears!
You block the gnoll's attack. The gnoll barely misses you.
You block the gnoll's attack. The gnoll attacks as you move away!
The gnoll hits you with a +0 club.
* * * LOW HITPOINT WARNING * * *
The gnoll closely misses your quasit.
Your quasit bites the gnoll.
Your quasit claws the gnoll but does no damage. x2
The gnoll closely misses your quasit.
A gnoll comes into view. It is wielding a +0 whip.
You see here 17 gold pieces.
The gnoll attacks as you move away! The gnoll hits you with a +0 club.
You die...

#...##........
#.#.#.######...
###.##.##.####...#
................#
##.##.##.####...#
#.#.#.## #####
#####...##
#......#.......
#@######....###
#g# .#..# #.5.#
##..# ##gg# ##
##Sg ##. #. . .#


You could see 4 gnolls, a ball python and a friendly quasit (summoned).

Vanquished Creatures
  2 adders (D:2)
  A dart slug (D:2)
  4 endoplasms (D:1)
  3 giant cockroaches (D:1)
  A goblin (D:1)
  A hobgoblin (D:2)
  4 jackals (D:2)
  2 kobolds (D:2)
  A quokka (D:1)
  A ball python (D:1)
  4 bats (D:1)
  3 frilled lizards
  7 rats
34 creatures vanquished.

Notes
Turn   | Place    | Note
-------+----------+-------------------------------------------
     0 | D:1      | Inarius the Demonspawn Fighter began the quest for the Orb.
     0 | D:1      | Reached XP level 1. HP: 18/18 MP: 1/1
    58 | D:1      | Found a faded altar of an unknown god.
   123 | D:1      | Gained mutation: A meltable shield of frost defends you.
                  | (SH +4) [demonic ancestry]
   123 | D:1      | Reached XP level 2. HP: 7/24 MP: 2/2
   584 | D:1      | Found Essegyash's Antique Weapon Emporium.
   886 | D:2      | Gained mutation: A weak demonic guardian rushes to your
                  | aid. [demonic ancestry]
   886 | D:2      | Reached XP level 3. HP: 25/29 MP: 3/3
  1013 | D:2      | Found a shimmering altar of Xom.
  1032 | D:2      | Became a worshipper of Xom of Chaos
  1124 | D:2      | HP: 1/29 [gnoll/+0 club (4)]
  1125 | D:2      | Slain by a gnoll

Illustrated notes

Levels and vault maps discovered:
D:1:      minmay_arrival_doors, layout_rooms, serial_shops, shop,
          basic_ecumenical_altar
D:2:      layout_loops_ring, basic_altar, grunt_ministairs_10,
          minmay_parallelograms

Skill      XL: |  1  2  3 |
---------------+----------+-----
Axes           | 2 3 |  3.0
Shields        | 3 |  3.0
Armour         | 3 |  3.0
Fighting       | |  3.2

Action                   || total
-------------------------++-------
Melee: War axe           ||    72
  Use: Potion            ||     1
Armor: Scale mail        ||    37
Dodge: Dodged            ||    31
Block: Kite shield       ||    48
       Buckler           ||     1

Table legend: (Time is in decaauts)
 A = Elapsed time spent in this place.
 B = Non-inter-level travel time spent in this place.
 C = Inter-level travel time spent in this place.
 D = Time resting spent in this place.
 E = Time spent auto-exploring this place.
 F = Levels seen in this place.
 G = Mean time per level.
                   A        B        C        D        E       F      G
               +--------+--------+--------+--------+--------+-----+--------+
         Total |   1164 |   1148 |     16 |    199 |    721 |   2 |  582.0 |
       Dungeon |   1164 |   1148 |     16 |    199 |    721 |   2 |  582.0 |
               +--------+--------+--------+--------+--------+-----+--------+

Top non-repeatable levels by time:
     D:1: 904 daAuts
     D:2: 260 daAuts
